 Dungeon Crawl Stone Soup version 0.29.1-15-g9cfb28693d (webtiles) character file.

Game seed: 2424247594796905044

569 redmage the Digger (level 7, -4/46 (50) HPs)
             Began as a Meteoran Earth Elementalist on Sept 13, 2023.
             Slain by a wight
             ... wielding a +0 battleaxe
              (16 damage)
             ... on level 7 of the Dungeon.
             The game lasted 00:11:52 (891 turns).

redmage the Digger (Meteoran Earth Elementalist)     Turns: 891, Time: 00:11:53

HP:   -4/46 (50)    AC:  2    Str:  9    XL:     7   Next: 91%
MP:   17/17         EV: 12    Int: 18    God:
Gold: 173           SH:  0    Dex: 16    Spells: 12/18 levels left

rFire   . . .      SeeInvis .   j - +2 short sword (vamp)
rCold   . . .      Faith    .   (no shield)
rNeg    . . .      Spirit   .   a - +0 robe
rPois   .          Reflect  .   (no helmet)
rElec   .          Harm     .   (no cloak)
rCorr   .          Rampage  .   (no gloves)
Will    .....                   (no boots)
Stlth   +.........              (no amulet)
HPRegen 0.15/turn               (no ring)
MPRegen 0.15/turn               (no ring)

@: glowing, drained
A: sense surroundings 1, otherworldly, glowing, explore regen
a: no special abilities


You were on level 7 of the Dungeon.
You visited 1 branch of the dungeon, and saw 7 of its levels.

You collected 173 gold pieces.

Inventory:

Hand Weapons
 j - a +2 vampiric short sword (weapon)
Armour
 a - a +0 robe (worn)
Jewellery
 i - a ring of resist corrosion
Scrolls
 e - 3 scrolls of identify {unknown}
 f - 2 scrolls of teleportation {unknown}
 g - a scroll of enchant armour {unknown}
 h - a scroll of fear {unknown}
 k - a scroll of noise {unknown}
Potions
 b - a potion of magic
 c - 2 potions of curing
 d - a potion of haste {unknown}
 l - a potion of flight {unknown}


   Skills:
 - Level 2.4 Dodging
 - Level 1.4 Stealth
 + Level 6.1 Spellcasting
 + Level 4.6 Conjurations
 - Level 1.2 Transmutations
 + Level 6.5 Earth Magic


You had 12 spell levels left.
You knew the following spells:

 Your Spells              Type           Power      Damage    Failure   Level
a - Sandblast             Erth           58%        2d13      1%          1
b - Passwall              Tmut/Erth      15%        N/A       3%          2
c - Stone Arrow           Conj/Erth      50%        3d10      3%          3

Your spell library contained the following spells:

 Spells                   Type           Power      Damage    Failure   Level
 Slow                     Hex            20%        N/A       12%         1
 Petrify                  Tmut/Erth      19%        N/A       24%         4
 Confusing Touch          Hex            5%         N/A       34%         3
 Vampiric Draining        Necr           5%         2d6       34%         3


Dungeon Overview and Level Annotations

Branches:
Dungeon (7/15) Zot: 3255
 Temple: D:4-7

Altars:
Nemelex Xobeh
Trog
Vehumet
Yredelemnul

Shops:
D:3 =


Innate Abilities, Weirdness & Mutations

You passively map a small area around you.
You are easily found by Zot.
You glow in the dark.
You regain HP and MP as you explore.


Message History

The blast of sand hits the steam dragon.
The steam dragon is severely wounded.
The steam dragon closely misses you. x2
The steam dragon breathes steam at you. The ball of steam hits you!
You hear an angry hiss.
The steam dragon bites you. The steam dragon barely misses you.
Casting: Sandblast (safe; 1% risk of failure)
Confirm with . or Enter, or press ? or * to list all spells.
Aiming: Sandblast (safe; 1% risk of failure)
Press: ? - help, Shift-Dir - straight line, f/p - steam dragon
Aim: a steam dragon (severely wounded, catching its breath, 83% to hit)
The blast of sand hits the steam dragon.
The steam dragon is almost dead.
The steam dragon completely misses you. The steam dragon claws you.
* * * LOW HITPOINT WARNING * * *
Casting: Sandblast (safe; 1% risk of failure)
Confirm with . or Enter, or press ? or * to list all spells.
Aiming: Sandblast (safe; 1% risk of failure)
Press: ? - help, Shift-Dir - straight line, f/p - steam dragon
Aim: a steam dragon (almost dead, catching its breath, 83% to hit)
The blast of sand hits the steam dragon!
You kill the steam dragon!
Your Spellcasting skill increases to level 6!
Unknown command.
Unknown command.
You open the door. 5 wights come into view.
You hit the wight but do no damage. The wight hits you with a +0 battleaxe.
You feel drained.
Unknown command.
The wight attacks as you move away! The wight hits you with a +0 battleaxe!
You feel drained. The wight attacks as you move away!
The wight hits you with a +0 battleaxe.
* * * LOW HITPOINT WARNING * * *
You feel drained.
* * * LOW HITPOINT WARNING * * *
There is a stone staircase leading up here.
The wight hits you with a +0 battleaxe!
You die...

* ..z ,** *** #z#*
,,, ,* #.# ,, ,* *
#.# ### , * * *##.##
##.## ,
#.##..z###...##
#.......zz....####.#
#.##...#...........#
# ##.###.zz@.#### *
**, #.# ##...## ,,
#.# ##.## , * #.#
### #.# #.* * * * ,
,


You could see 5 wights.

Vanquished Creatures
  A steam dragon (D:7)
  A centaur (D:6)
  A phantom (D:4)
  A hound (D:6)
  A jelly (D:4)
  An orc priest (D:6)
  2 iguanas
  2 orc wizards (D:6)
  4 adders
  3 worms
  2 dart slugs
  3 orcs
  8 ball pythons
  4 endoplasms
  A giant cockroach (D:1)
  A goblin (D:4)
  3 hobgoblins
  3 quokkas
  4 frilled lizards
  8 kobolds
  2 rats (D:2)
56 creatures vanquished.

Vanquished Creatures (collateral kills)
  An endoplasm (D:4)
1 creature vanquished.

Vanquished Creatures (others)
  7 fungi (D:6)
7 creatures vanquished.

Grand Total: 64 creatures vanquished

Notes
Turn   | Place    | Note
-------+----------+-------------------------------------------
     0 | D:1      | redmage the Meteoran Earth Elementalist began the quest for
                  | the Orb.
     0 | D:1      | Reached XP level 1. HP: 14/14 MP: 5/5
    67 | D:2      | Reached XP level 2. HP: 20/20 MP: 7/7
    73 | D:2      | Learned a level 2 spell: Passwall
    83 | D:2      | Reached XP level 3. HP: 26/26 MP: 2/8
   137 | D:2      | Learned a level 3 spell: Stone Arrow
   150 | D:2      | Reached XP level 4. HP: 31/33 MP: 7/10
   172 | D:2      | Found a bloodstained altar of Trog.
   201 | D:2      | Reached skill level 1 in Conjurations
   326 | D:5      | Entered Level 5 of the Dungeon
   387 | D:3      | Found a radiant altar of Vehumet.
   425 | D:4      | Reached XP level 5. HP: 12/38 MP: 3/12
   532 | D:3      | Found Jekeus's Jewellery Shop.
   550 | D:3      | Reached skill level 5 in Earth Magic
   608 | D:4      | Found a sparkling altar of Nemelex Xobeh.
   612 | D:4      | Found a basalt altar of Yredelemnul.
   664 | D:4      | Noticed a phantom
   668 | D:4      | Killed a phantom
   669 | D:4      | Reached XP level 6. HP: 45/45 MP: 9/14
   678 | D:4      | Reached skill level 5 in Spellcasting
   810 | D:6      | Reached XP level 7. HP: 42/50 MP: 7/15
   863 | D:7      | Noticed a steam dragon
   870 | D:7      | Killed a steam dragon
   891 | D:7      | Slain by a wight

Illustrated notes

Levels and vault maps discovered:
D:1:      matt_arrival_los_fun, layout_loops_cross
D:2:      layout_rooms, basic_altar
D:3:      layout_rooms, mainiacjoe_overflow_alcove_1, lightli_temple_of_fire,
          gammafunk_ghost_grave, serial_corexii_hall,
          chequers_hall_statues_corner_a, chequers_hall_statues_corner_a,
          shapermc_ecumenical_altar_acropolis, serial_shops, shop
D:4:      layout_cave_pools, minitemple
D:5:      layout_loops_corners, minmay_temple_entry_drinking_statues,
          uniq_prince_ribbit1
D:6:      layout_loops_ring, serial_aquarium, aquarium_bridge_straight
          [aquarium_subvault_bridge, aquarium_subvault_balcony,
          aquarium_subvault_bridge, aquarium_subvault_balcony],
          aquarium_window_fake, aquarium_window_fake, aquarium_window_1,
          aquarium_view_2c, aquarium_view_2b, aquarium_balcony_3a
D:7:      layout_loops_corners, nicolae_tso_swordbearing_angel,
          nicolae_ru_path_of_blood, serial_shops,
          nicolae_shop_bloodbath_and_beyond, enter_ossuary_1,
          nicolae_shop_self_help, uniq_joseph

Skill      XL: |  1  2  3  4  5  6  7 |
---------------+----------------------+-----
Spellcasting   | 3 4 5 6 |  6.1
Earth Magic    | 4 5 6 |  6.5
Conjurations   | 1 2 3 4 |  4.6
Dodging        | |  2.4
Stealth        | |  1.4
Transmutations | |  1.2

Action                   |  1- 3 |  4- 6 |  7- 9 || total
-------------------------+-------+-------+-------++-------
Melee: Short sword       |       |       |     1 ||     1
 Cast: Sandblast         |    20 |    65 |    14 ||    99
       Passwall          |       |     5 |       ||     5
       Stone Arrow       |       |     2 |       ||     2
  Use: Scroll            |       |     4 |       ||     4
       Potion            |       |     2 |       ||     2
Armor: Robe              |     3 |     8 |     2 ||    13
Dodge: Dodged            |     6 |    25 |    10 ||    41
